 Dungeon Crawl Stone Soup version 0.28.0-53-g5a82cb258f (webtiles) character file.

Game seed: 1009974464851186129

1012 Peloso the Slasher (level 8, -5/67 HPs)
             Began as a Minotaur Fighter on June 4, 2022.
             Killed from afar by a gargoyle (14 damage)
             ... with a stone arrow
             ... on level 5 of the Dungeon.
             The game lasted 00:07:28 (4169 turns).

Peloso the Slasher (Minotaur Fighter)               Turns: 4169, Time: 00:07:29

Health: -5/67      AC: 11    Str: 28    XL:     8   Next: 1%
Magic:  7/7        EV: 11    Int:  5    God:
Gold:   193        SH:  5    Dex: 11    Spells: 7/7 levels left

rFire   . . .      SeeInvis .   a - +2 falchion (holy)
rCold   . . .      Faith    .   c - +0 buckler
rNeg    . . .      Spirit   .   f - +0 scale mail
rPois   .          Reflect  .   (helmet restricted)
rElec   .          Harm     .   v - +0 cloak
rCorr   .          Rampage  .   (no gloves)
Will    .....                   g - +1 pair of boots
Stlth   ..........              (no amulet)
HPRegen 0.21/turn               j - +6 ring of strength
MPRegen 0.10/turn               (no ring)

@: no status effects
A: horns 2, retaliatory headbutt
a: no special abilities


You were on level 5 of the Dungeon.
You visited 1 branch of the dungeon, and saw 5 of its levels.

You collected 205 gold pieces.
You spent 12 gold pieces at shops.

Inventory:

Hand Weapons
 a - a +2 falchion of holy wrath (weapon)
 b - a +0 dagger of flaming
Armour
 c - a +0 buckler (worn)
 f - a +0 scale mail (worn)
 g - a +1 pair of boots (worn)
 v - a +0 cloak (worn)
Jewellery
 j - a +6 ring of strength (left hand)
 p - a +6 ring of intelligence
 x - a ring of magical power
 y - a ring of wizardry
Scrolls
 d - a scroll of immolation {unknown}
 e - 4 scrolls of enchant armour
 h - 2 scrolls of blinking
 k - a scroll of enchant weapon {unknown}
 l - a scroll of fog {unknown}
 m - 2 scrolls of noise
 n - a scroll of teleportation {unknown}
 q - a scroll of fear {unknown}
 r - 3 scrolls of identify
 u - a scroll of magic mapping {unknown}
 w - 2 scrolls of torment {unknown}
Potions
 o - 2 potions of cancellation {unknown}
 t - 2 potions of attraction {unknown}


   Skills:
 + Level 4.8 Fighting
 + Level 7.4 Long Blades
 + Level 6.1 Armour
 + Level 3.4 Dodging
 + Level 1.0 Stealth
 + Level 5.5 Shields


You had 7 spell levels left.
You didn't know any spells.
Your spell library contained the following spells:

 Spells                   Type           Power      Damage    Failure   Level
 Corpse Rot               Necr/Air       0%         N/A       91%         2
 Poisonous Vapours        Pois/Air       0%         N/A       91%         2


Dungeon Overview and Level Annotations

Branches:
Dungeon (5/15)
 Temple: D:4-7

Altars:
Kikubaaqudgha
Trog
Wu Jian
Yredelemnul

Shops:
D:2 ?


Innate Abilities, Weirdness & Mutations

You have a pair of horns on your head.
You reflexively headbutt those who attack you in melee.


Message History

You hit the gargoyle but do no damage.
You headbutt the gargoyle, but do no damage.
The gargoyle is lightly damaged.
You block the gargoyle's attack.
You hit the gargoyle but do no damage.
The gargoyle is lightly damaged.
The gargoyle closely misses you.
Sorry, you're not good enough to have a special ability.
Sorry, you're not good enough to have a special ability.
Unknown command.
Sorry, you're not good enough to have a special ability.
Unknown command.
You feel much better. The gargoyle hits you with a +0 flail.
You hit the gargoyle but do no damage.
You headbutt the gargoyle, but do no damage.
The gargoyle is lightly damaged.
The gargoyle misses you. You furiously retaliate!
You headbutt the gargoyle. You hit the gargoyle. You headbutt the gargoyle!
The gargoyle is heavily damaged.
The gargoyle hits you with a +0 flail.
You hit the gargoyle but do no damage.
You headbutt the gargoyle, but do no damage.
The gargoyle is heavily damaged.
The gargoyle hurls a stone arrow at you.
The stone arrow hits you!
You hit the gargoyle but do no damage. Your headbutt misses the gargoyle.
The gargoyle is heavily damaged.
The gargoyle hits you with a +0 flail!
* * * LOW HITPOINT WARNING * * *
You hit the gargoyle.
The gargoyle is severely damaged.
The gargoyle hits you with a +0 flail!
* * * LOW HITPOINT WARNING * * *
You hit the gargoyle but do no damage.
The gargoyle is severely damaged.
The gargoyle barely misses you.
You feel better.
The gargoyle hurls a stone arrow at you.
The stone arrow hits you!
You die...

#.##.###. ###
##.#......
##.###.....###.
#..............
#..###...#.###. #..#
##.##.# #. #..#
#.##.# ## #####..##
#.##)#
#.@9Z...###.##.#
#....##'##......#.#
#...####...####...#.#
..# #...# ###...####
. #.9.# #.##......
#Z..# #..'....##
#...# #.##....##
#...# ###..#####
#+##...##


You could see a gargoyle and a bullfrog zombie.

Vanquished Creatures
  Menkaure (D:4)
  An ice beast (D:4)
  An ogre (D:4)
  2 phantoms (D:5)
  2 scorpions (D:5)
  A water moccasin skeleton (D:5)
  A bullfrog zombie (D:5)
  A hound (D:5)
  A gnoll shaman (D:4)
  3 iguanas
  An orc wizard (D:4)
  A hound zombie (D:5)
  4 gnolls (D:4)
  6 adders
  A white imp (D:5)
  An adder skeleton (D:4)
  3 worms
  6 dart slugs
  7 orcs
  7 endoplasms
  4 giant cockroaches
  4 goblins
  4 hobgoblins
  5 jackals (D:1)
  2 quokkas
  2 ball pythons
  5 bats
  4 frilled lizards
  9 kobolds
  A rat (D:2)
91 creatures vanquished.

Vanquished Creatures (others)
  5 plants (D:1)
  8 withered plants (D:1)
13 creatures vanquished.

Grand Total: 104 creatures vanquished

Notes
Turn   | Place    | Note
-------+----------+-------------------------------------------
     0 | D:1      | Peloso the Minotaur Fighter began the quest for the Orb.
     0 | D:1      | Reached XP level 1. HP: 19/19 MP: 0/0
   122 | D:1      | Reached XP level 2. HP: 17/27 MP: 1/1
   345 | D:1      | Found a faded altar of an unknown god.
   669 | D:1      | Reached XP level 3. HP: 31/33 MP: 2/2
   870 | D:2      | Reached skill level 3 in Long Blades
  1133 | D:2      | Found Haamu's Magic Scroll Shop.
  1148 | D:2      | Bought a scroll of noise for 12 gold pieces
  1344 | D:2      | Reached XP level 4. HP: 27/40 MP: 3/3
  1582 | D:3      | Found a bloodstained altar of Trog.
  1678 | D:3      | Reached skill level 1 in Dodging
  2400 | D:4      | Found an ornate altar of the Wu Jian Council.
  2515 | D:4      | Reached skill level 4 in Long Blades
  2521 | D:4      | Noticed Menkaure
  2521 | D:4      | Noticed an ice beast
  2523 | D:4      | Killed an ice beast
  2524 | D:4      | Reached XP level 5. HP: 42/46 MP: 4/4
  2525 | D:4      | Killed Menkaure
  2526 | D:4      | Reached skill level 5 in Long Blades
  2526 | D:4      | Reached skill level 5 in Armour
  2526 | D:4      | Reached skill level 5 in Shields
  2526 | D:4      | Reached XP level 6. HP: 47/53 MP: 5/5
  3060 | D:4      | Found a basalt altar of Yredelemnul.
  3216 | D:4      | Reached skill level 6 in Long Blades
  3216 | D:4      | Reached XP level 7. HP: 38/60 MP: 6/6
  3488 | D:5      | Entered Level 5 of the Dungeon
  3519 | D:5      | Reached skill level 1 in Stealth
  3767 | D:5      | Reached skill level 7 in Long Blades
  3788 | D:5      | Found an ancient bone altar of Kikubaaqudgha.
  4143 | D:5      | Noticed a gargoyle
  4154 | D:5      | Reached XP level 8. HP: 66/67 MP: 7/7
  4167 | D:5      | HP: 2/67 [gargoyle/+0 flail (13)]
  4169 | D:5      | Killed from afar by a gargoyle

Illustrated notes

Levels and vault maps discovered:
D:1:      dpeg_arrival_rooms_a, layout_basic,
          shapermc_ecumenical_altar_flowoftime
D:2:      layout_loops_ring, serial_shops, shop
D:3:      layout_loops_corners, mainiacjoe_overflow_brackets
D:4:      layout_gridville, nzn_wu_jian_contemplation,
          mainiacjoe_overflow_small_starburst, serial_park_tiny_pond,
          hangedman_glass_teeth, uniq_menkaure
D:5:      layout_loops_ring, riverfiend_overflow_shadow_ancestor,
          kiku_gazebo_pond_becter, mainiacjoe_overflow_alcove_2,
          minmay_temple_entry_purple_smoke, minmay_divided_ellipse

Skill      XL: |  1  2  3  4  5  6  7 |
---------------+----------------------+-----
Shields        | 4 5 |  5.5
Armour         | 4 5 6 |  6.1
Fighting       | 4 |  4.8
Long Blades    | 3 4 5 6 7 |  7.4
Dodging        | 1 2 3 |  3.4
Stealth        | 1 |  1.0

Action                   |  1- 3 |  4- 6 |  7- 9 || total
-------------------------+-------+-------+-------++-------
Melee: Long sword        |   106 |    49 |       ||   155
       Headbutt          |    13 |    10 |    21 ||    44
       Falchion          |       |    25 |    76 ||   101
  Use: Scroll            |       |     4 |       ||     4
       Potion            |       |     1 |     2 ||     3
Armor: Scale mail        |    56 |    24 |     8 ||    88
Dodge: Dodged            |    47 |    34 |    30 ||   111
Block: Buckler           |    21 |    24 |    16 ||    61
